 Dungeon Crawl Stone Soup version 0.27.1-1-g398f81649c (webtiles) character file.

Game seed: 14246749124117416218

37 Destapler the Skirmisher (level 3, 31/31 HPs)
             Began as a Palentonga Fighter on Sept 12, 2021.
             Was a Follower of Vehumet.
             Got out of the dungeon alive.
             The game lasted 00:03:06 (921 turns).

Destapler the Skirmisher (Palentonga Fighter)        Turns: 921, Time: 00:03:06

Health: 31/31      AC:  6    Str: 20    XL:     3   Next: 21%
Magic:  3/3        EV:  5    Int:  8    God:    Vehumet [*.....]
Gold:   33         SH:  9    Dex:  9    Spells: 2/2 levels left

rFire    . . .     SeeInvis +   a - +0 flail
rCold    . . .     Faith    .   c - +0 kite shield
rNeg     . . .     Spirit   .   b - +0 scale mail
rPois    .         Reflect  .   (no helmet)
rElec    .         Harm     .   (no cloak)
rCorr    .         Rampage  .   (no gloves)
Will     .....                  (no barding)
Stlth    ..........             (no amulet)
HPRegen  0.10/turn              (no ring)
MPRegen  0.08/turn              (no ring)

@: no status effects
A: large, rugged brown scales 3, see invisible, deformed body, roll 1, armoured
tail
a: Rolling Charge, Renounce Religion


You escaped.
You worshipped Vehumet.
Vehumet was aware of your devotion.
You visited 1 branch of the dungeon, and saw 2 of its levels.

You collected 33 gold pieces.

Inventory:

Hand Weapons
 a - a +0 flail (weapon)
Armour
 b - a +0 scale mail (worn)
 c - a +0 kite shield (worn)
Scrolls
 f - a scroll of amnesia {unknown}
 g - 3 scrolls of vulnerability {unknown}
Potions
 d - a potion of might
 e - a potion of lignification {unknown}


   Skills:
 + Level 3.3 Fighting
 - Level 2.0 Maces & Flails
 + Level 2.6 Armour
 + Level 0.8 Dodging
 * Level 2.9 Shields


You had 2 spell levels left.
You didn't know any spells.
Your spell library contained the following spells:

 Spells                   Type           Power      Damage    Failure   Level
 Freeze                   Ice            0%         1d3       99%         1
 Gell's Gravitas          Tloc           0%         N/A       100%        3
 Lesser Beckoning         Tloc           0%         N/A       100%        3
 Teleport Other           Tloc           0%         N/A       100%        3


Dungeon Overview and Level Annotations

Branches:
Dungeon (2/15)

Altars:
Vehumet


Innate Abilities, Weirdness & Mutations

You are completely covered in rugged brown scales. (AC +3, +7% HP)
You have supernaturally acute eyesight. (SInv)
Armour fits poorly on your strangely shaped body.
You can roll at nearby foes to attack.
You have a long armoured tail.


Message History

You hit the goblin.
You kill the goblin!
Vehumet accepts your kill.
You hear a splash.
No target in view!
No target in view!
No target in view!
No target in view!
No target in view!
No target in view!
No target in view!
No target in view!
No target in view!
No target in view!
No target in view!
No target in view!
No target in view!
No target in view!
No target in view!
No target in view!
(D) Dungeon
Where to? (Enter - D:1, ? - help)
You open the gate.
There is an open gate here.
There is an open gate here.
You enter the shallow water.
Moving in this stuff is going to be slow.
You see here a quokka corpse.
You see here a hobgoblin corpse.
You see here a +0 dagger.
There is a stone staircase leading up here.
You climb upwards.
There is a stone staircase leading down here.
(D) Dungeon
Where to? (Enter - D:1, ? - help)
Okay, then.
HP restored.
There is a staircase leading out of the dungeon here.
Are you sure you want to leave the Dungeon?
This will make you lose the game!
You have escaped!

#################
#.....@#.#......#
#.##.###(##.###.#
#...............#
##############.##
#...#.......#...#
###.#.#.#####.#.#
#.'...#.......#.#######
#.###########.#.#...#..
#.#.P.......#.#.#...#..


There were no monsters in sight!

Vanquished Creatures
  2 giant cockroaches (D:1)
  6 goblins
  6 hobgoblins
  3 jackals (D:1)
  3 quokkas
  3 ball pythons (D:1)
  3 bats (D:1)
  3 frilled lizards
  2 kobolds
  A spectral goblin (D:2)
32 creatures vanquished.

Notes
Turn   | Place    | Note
-------+----------+-------------------------------------------
     0 | D:1      | Destapler the Palentonga Fighter began the quest for the
                  | Orb.
     0 | D:1      | Reached XP level 1. HP: 19/19 MP: 1/1
   172 | D:1      | Reached XP level 2. HP: 25/25 MP: 2/2
   629 | D:1      | Reached XP level 3. HP: 28/31 MP: 3/3
   827 | D:2      | Found a faded altar of an unknown god.
   849 | D:2      | Became a worshipper of Vehumet
   849 | D:2      | Reached * piety under Vehumet
   849 | D:2      | Offered knowledge of Freeze by Vehumet.
   921 | D:$      | Got out of the dungeon alive.

Illustrated notes

Levels and vault maps discovered:
D:1:      onia_arrival_mini_maze, layout_rooms
D:2:      layout_basic, dreamdust_ecumenical_altar_drowned_temple, serial_shops,
          shop, hangedman_decor_growths, uniq_crazy_yiuf_cottage

Action                   || total
-------------------------++-------
Melee: Flail             ||    98
       Tailslap          ||     5
 Abil: Rolling Charge    ||    18
Armor: Scale mail        ||    72
Dodge: Dodged            ||    34
Block: Kite shield       ||    45
